 Dungeon Crawl Stone Soup version 0.28-a0-440-ge3cd3e9c68 (console) character file.

Game seed: 16190648985386826884

4556 nht the Cleaver (level 10, -1/76 (79) HPs)
             Began as a Minotaur Cinder Acolyte on Sept 11, 2021.
             Was an Elder of Ignis.
             Slain by Maggie (7 damage)
             ... on level 8 of the Dungeon.
             The game lasted 00:15:09 (7100 turns).

nht the Cleaver (Minotaur Cinder Acolyte)           Turns: 7100, Time: 00:15:09

HP:   -1/76 (79)    AC:  9    Str: 20 (23) XL:     10   Next: 18%
MP:   10/10         EV:  9    Int:  9 (11) God:    Ignis [****..]
Gold: 507           SH:  5    Dex:  3 (4)  Spells: 11/11 levels left

rFire   + . .      SeeInvis .   s - +3 hand axe (venom)
rCold   . . .      Faith    .   (no shield)
rNeg    . . .      Spirit   .   r - +0 scale mail
rPois   +          Reflect  +   (helmet restricted)
rElec   +          Harm     .   (no cloak)
rCorr   +          Rampage  .   g - +2 pair of gloves {Str+3}
Will    .....                   (no boots)
Stlth   ..........              x - amulet of reflection
HPRegen 0.22/turn               b - ring of Myovaoru {rElec rPois rCorr Dex-4}
MPRegen 0.12/turn               (no ring)

@: lightly drained
A: horns 2, retaliatory headbutt
a: Renounce Religion, Sea of Fire, Foxfire Swarm, Rising Flame


You were on level 8 of the Dungeon.
You worshipped Ignis.
Ignis was greatly pleased with you.
You visited 2 branches of the dungeon, and saw 10 of its levels.

You collected 507 gold pieces.

Inventory:

Hand Weapons
 a - a -1 hand axe of flaming
 s - a +3 hand axe of venom (weapon)
Missiles
 i - 35 poisoned darts
 m - 3 throwing nets
 v - 6 boomerangs (quivered)
Armour
 g - a +2 pair of gloves of strength (worn)
 r - a +0 scale mail (worn)
Jewellery
 b - the ring of Myovaoru (left hand) {rElec rPois rCorr Dex-4}
   (You acquired it in the Ecumenical Temple)

   [ring of resist corrosion]

   Dex:       It affects your dexterity (-4).
   rElec:     It insulates you from electricity.
   rPois:     It protects you from poison.
   rCorr:     It protects you from acid and corrosion.
 x - an amulet of reflection (around neck)
Wands
 h - a wand of charming (1)
 o - a wand of polymorph (8)
Scrolls
 e - 2 scrolls of fog
Potions
 c - 3 potions of attraction
 d - 2 potions of curing
 f - a potion of flight
 j - 2 potions of cancellation
 k - 2 potions of brilliance
 l - 3 potions of lignification {unknown}
 q - 2 potions of haste {unknown}
 B - 2 potions of resistance {unknown}


   Skills:
 + Level 4.2 Fighting
 - Level 14.0 Axes
 - Level 1.0 Spellcasting
 - Level 2.1 Fire Magic
 - Level 8.0 Evocations


You had 11 spell levels left.
You didn't know any spells.
Your spell library contained the following spells:

 Spells                   Type           Power      Damage    Failure   Level
 Foxfire                  Conj/Fire      8%         2x1d4     56%         1
 Scorch                   Fire           8%         2d5       56%         2
 Ensorcelled Hibernation  Hex/Ice        0%         N/A       86%         2
 Slow                     Hex            0%         N/A       86%         2
 Conjure Flame            Conj/Fire      2%         6-21      91%         3
 Inner Flame              Hex/Fire       2%         N/A       91%         3
 Confusing Touch          Hex            0%         N/A       97%         3
 Dazzling Flash           Conj/Hex       0%         N/A       97%         3
 Spider Form              Tmut/Pois      0%         N/A       97%         3
 Tukima's Dance           Hex            0%         N/A       97%         3
 Vampiric Draining        Necr           0%         2d6       97%         3
 Flame Wave               Conj/Fire      2%         3d3       100%        4
 Iskenderun's Mystic Bla  Conj/Tloc      0%         2d3       100%        4
 Starburst                Conj/Fire      1%         6d3       100%        6


Dungeon Overview and Level Annotations

Branches:
Dungeon (9/15)             Temple (1/1) D:7
   Lair: D:8-11         Orc: D:9-12

Altars:
Cheibriados
Gozag
Nemelex Xobeh
Okawaru
Ru
Trog
Uskayaw
Xom
Yredelemnul
Zin

Shops:
D:6 *

Annotations:
D:5 3 runed translucent doors, sn0wgr3's ghost, novice GrFi
D:8 Maggie


Innate Abilities, Weirdness & Mutations

You have a pair of horns on your head.
You reflexively headbutt those who attack you in melee.


Message History

You see here a +0 whip.
You see here a howler monkey corpse.
A howler monkey comes into view.
The howler monkey howls!
The howler monkey hoots and howls with incredible vigour!
You hear a shout!
You hear a bellow! x2
You see here a wyvern corpse.
A wyvern comes into view.
The wyvern hisses angrily.
The howler monkey hits you but does no damage.
Things that are here:
a +0 plate armour; a +0 trident You slash the howler monkey!
The howler monkey is heavily wounded.
The howler monkey hoots and howls with incredible vigour!
You hear a bellow! x2; You hear a shout!
You hit the howler monkey.
The howler monkey is poisoned.
The howler monkey is heavily wounded.
The howler monkey hits you but does no damage.
Maggie the Vainglorious comes into view.
She is wielding a +1 morningstar of draining.
You barely miss the howler monkey.
The howler monkey is severely wounded.
You barely miss the wyvern. The wyvern bites you!
The howler monkey closely misses you.
You hit the howler monkey.
The howler monkey looks as sick as possible!
The howler monkey is almost dead.
You closely miss the wyvern.
You kill the howler monkey!
The wyvern bites you!
* * * LOW HITPOINT WARNING * * *
You hit Maggie but do no damage.
Maggie is poisoned.
You headbutt Maggie.
Maggie is lightly wounded.
You slash the wyvern!
The wyvern bites you but does no damage.
You see here a wyvern corpse.
There is a stone staircase leading down, spattered with blood here.
Maggie hits you with a +1 morningstar of draining!
* * * LOW HITPOINT WARNING * * *
You feel drained.
You die...

█... █......█ ...
.. .......█ ..██.█
█.......█ █.██.█
.... .. █.██.█ ....
....████..█.█ █..█
..........█.█ ...
..████.█[█.█ █.. ██
█.█...███.███ .
█.██l@██..█.█..█
█.█..@†.)█.⌠.█.█
█.█...)..)█ ..█
█.█.......███..█
█.████████...█.████
█........).[......█
..h.██<██.████.████
..h █.██.█ █ ......
██.██.██ █.██.█
█.██.█


You could see Maggie (poisoned) and a wyvern.

Vanquished Creatures
  Harold (D:7)
  Grinder (D:5)
  Prince Ribbit (D:7)
  A hornet (D:8)
  A yak (D:6)
  An orc warrior (D:8)
  A wyvern (D:8)
  A vampire (D:8)
  2 water moccasins
  A black bear (D:6)
  5 sky beasts
  2 ice beasts
  An ogre (D:6)
  A necrophage (D:7)
  2 centaurs
  2 phantoms
  A kobold brigand (D:8)
  A bullfrog (D:6)
  2 scorpions
  2 wights (D:7)
  5 howler monkeys
  A centaur zombie (D:7)
  An orc priest (D:7)
  A hound (D:5)
  2 centaur skeletons
  Natasha (twice) (D:2)
  4 iguanas
  2 orc wizards
  2 killer bee zombies
  A hound zombie (D:5)
  A hound skeleton (D:5)
  7 adders
  An ufetubus (D:6)
  3 worms
  2 dart slugs
  7 orcs
  4 bats
  2 endoplasms
  A giant cockroach (D:3)
  7 goblins
  4 hobgoblins
  7 jackals
  4 quokkas
  5 ball pythons
  2 frilled lizards
  8 kobolds
  3 rats
119 creatures vanquished.

Vanquished Creatures (collateral kills)
  A wight (D:7)
  An orc priest (D:8)
  2 orc wizards
  2 orcs
6 creatures vanquished.

Vanquished Creatures (others)
  A wight (D:7)
  41 foxfires
42 creatures vanquished.

Grand Total: 167 creatures vanquished

Notes
Turn   | Place    | Note
-------+----------+-------------------------------------------
     0 | D:1      | nht the Minotaur Cinder Acolyte began the quest for the
                  | Orb.
     0 | D:1      | Reached XP level 1. HP: 19/19 MP: 1/1
   143 | D:1      | Reached skill level 4 in Axes
   159 | D:1      | Reached XP level 2. HP: 26/26 MP: 2/2
   833 | D:2      | Reached skill level 5 in Axes
   997 | D:2      | Noticed Natasha
  1001 | D:2      | Killed Natasha
  1002 | D:2      | Reached XP level 3. HP: 31/31 MP: 3/3
  1173 | D:2      | Reached skill level 6 in Axes
  1173 | D:2      | Reached XP level 4. HP: 32/39 MP: 4/4
  1348 | D:2      | Noticed Natasha
  1365 | D:2      | Killed Natasha
  1969 | D:3      | Reached XP level 5. HP: 41/45 MP: 5/5
  2373 | D:4      | Reached skill level 7 in Axes
  2386 | D:4      | Reached skill level 1 in Evocations
  2500 | D:4      | You fall into a shaft and drop 3 floors!
  2615 | D:7      | Noticed a sky beast
  2623 | D:7      | Noticed a water moccasin
  2630 | D:7      | Killed a water moccasin
  2631 | D:7      | Reached skill level 8 in Axes
  2631 | D:7      | Reached XP level 6. HP: 51/51 MP: 6/6
  2631 | D:7      | Killed a sky beast
  2676 | D:6      | Noticed a sky beast
  2682 | D:6      | this god
  2716 | D:6      | Killed a sky beast
  2717 | D:6      | Reached XP level 7. HP: 31/57 MP: 7/7
  2720 | D:6      | Reached skill level 9 in Axes
  2885 | D:5      | Entered Level 5 of the Dungeon
  3000 | D:5      | Found a runed translucent gate.
  3001 | D:5      | Found a runed translucent gate.
  3002 | D:5      | Found a runed translucent gate.
  3003 | D:5      | Noticed sn0wgr3's ghost (novice GrFi)
  3952 | D:5      | Reached skill level 10 in Axes
  4033 | D:5      | Noticed Grinder
  4041 | D:5      | Killed Grinder
  4042 | D:5      | Reached XP level 8. HP: 64/64 MP: 8/8
  4304 | D:6      | Found Pathror's Assorted Antiques.
  4422 | D:6      | Reached skill level 11 in Axes
  4579 | D:6      | Reached skill level 5 in Evocations
  4787 | D:6      | Found a sparkling altar of Nemelex Xobeh.
  4805 | D:6      | Reached skill level 12 in Axes
  4823 | D:6      | Reached XP level 9. HP: 50/70 MP: 9/9
  5357 | D:7      | Noticed Prince Ribbit
  5376 | D:7      | Killed Prince Ribbit
  5573 | D:7      | Reached skill level 13 in Axes
  5706 | D:7      | Found a staircase to the Ecumenical Temple.
  5809 | D:7      | Noticed Harold
  5848 | Temple   | Entered the Ecumenical Temple
  5906 | Temple   | Identified a scroll of acquirement
  5906 | Temple   | Acquired the ring of Myovaoru {rElec rPois rCorr Dex-4}
  6132 | D:7      | Killed Harold
  6523 | D:8      | Reached skill level 14 in Axes
  6683 | D:8      | Reached XP level 10. HP: 10/77 MP: 10/10
  6993 | D:8      | Paralysed by a hornet for 2 turns
  7093 | D:8      | Noticed Maggie
  7100 | D:8      | Slain by Maggie

Illustrated notes

§§§ §§ █████████§
█§§§§§§§§████████
█§§§§§§§§█.§§§..█
§█§§§.§§§§█§§§§..█
§§§§§§Y§§§l§§§§...
§§§§§§§@§§█..?..!█
██§§§§§§§§█......█
§§§§§§§§§§█......█
██§§§§§§§§█....l.█


█████████████████ Turn 2682 on D:6: this god

Levels and vault maps discovered:
D:1:      nicolae_arrival_somewhat_less_tricky_arrival, layout_loops_cross
D:2:      layout_loops_ring, minmay_close_crescents, uniq_natasha
D:3:      minmay_spotlight, layout_basic
D:4:      layout_rooms, minivault_24, chequers_arboretum, roderic_lattice_a,
          kennysheep_small_spiral
D:5:      layout_gridville, ebering_ghost_rock_garden, uniq_grinder
D:6:      layout_basic, serial_shops, shop, serial_glass, glass_columns_a,
          glass_columns_a, glass_columns_b, glass_columns_a, glass_columns_b,
          glass_columns_a, minmay_ruined_shrine
D:7:      layout_loops_ring, minmay_temple_entry_sparse_star,
          minmay_fractal_squares_gapless_5, uniq_prince_ribbit1, uniq_harold
D:8:      layout_basic, special_room [special_room_kobold],
          grunt_decor_one_mirror, uniq_maggie
D:9:      layout_basic, kennysheep_mini, david_lair_generic, orc_0_dummy
Temple:   nicolae_temple_the_god_donut

Skill      XL: |  1  2  3  4  5  6  7  8  9 10 |
---------------+-------------------------------+-----
Axes           | 4 5 6 8 10 12 14 | 14.0
Evocations     | 2 4 5 7 8 |  8.0
Fighting       | 4 |  4.2
Spellcasting   | |  1.0
Fire Magic     | |  2.1

Action                   |  1- 3 |  4- 6 |  7- 9 | 10-12 || total
-------------------------+-------+-------+-------+-------++-------
Melee: Hand axe          |    52 |    87 |   235 |    24 ||   398
       Headbutt          |     6 |    10 |    31 |     1 ||    48
Throw: Boomerang         |       |       |       |     4 ||     4
Invok: Foxfire Swarm     |       |     1 |     2 |       ||     3
       Sea of Fire       |       |     1 |       |       ||     1
Evoke: Wand              |       |     4 |     9 |       ||    13
  Use: Scroll            |     3 |     4 |    10 |       ||    17
       Potion            |       |     1 |     1 |     4 ||     6
 Stab: Distracted        |       |       |     1 |       ||     1
Armor: Robe              |    10 |    20 |       |       ||    30
       Scale mail        |       |    33 |    77 |    11 ||   121
Dodge: Dodged            |    35 |    39 |    64 |    12 ||   150
Block: Other             |       |       |    11 |     5 ||    16

Table legend: (Time is in decaauts)
 A = Elapsed time spent in this place.
 B = Non-inter-level travel time spent in this place.
 C = Inter-level travel time spent in this place.
 D = Time resting spent in this place.
 E = Time spent auto-exploring this place.
 F = Levels seen in this place.
 G = Mean time per level.
                   A        B        C        D        E       F      G
               +--------+--------+--------+--------+--------+-----+--------+
         Total |   7038 |   6770 |    268 |    557 |   5227 |  10 |  703.8 |
       Dungeon |   6766 |   6512 |    254 |    310 |   5227 |   9 |  751.8 |
        Temple |    271 |    257 |     14 |    247 |      0 |   1 |  271.0 |
               +--------+--------+--------+--------+--------+-----+--------+

Top non-repeatable levels by time:
     D:7: 1193 daAuts
     D:6: 1138 daAuts
     D:2: 895 daAuts
     D:4: 853 daAuts
     D:1: 791 daAuts
     D:5: 682 daAuts
     D:3: 678 daAuts
     D:9: 298 daAuts
  Temple: 271 daAuts
     D:8: 234 daAuts
